 Dungeon Crawl Stone Soup version 0.31-b1-20-g67cafac56d (webtiles) character file.

Game seed: 7854248423136142732

124 apoch the Chopper (level 4, -1/58 HPs)
             Began as a Minotaur Berserker on Jan 18, 2024.
             Was a Believer of Trog.
             Slain by an orc priest
             ... wielding a +0 club
              (2 damage)
             ... on level 3 of the Dungeon.
             The game lasted 00:04:31 (2038 turns).

apoch the Chopper (Minotaur Berserker)              Turns: 2038, Time: 00:04:32

Health: -1/58      AC: 22    Str: 24    XL:     4   Next: 81%
Magic:  3/3        EV:  2    Int:  4    God:    Trog [**....]
Gold:   82         SH:  0    Dex:  9    Spells: 3/3 levels left

rFire   . . .        a - +0 hand axe
rCold   . . .        (no shield)
rNeg    . . .        f - melded +0 shadow dragon scales
rPois   +            h - melded +1 hat
rElec   .            (cloak currently unavailable)
rCorr   .            (gloves currently unavailable)
SInv    .            (boots currently unavailable)
Will    .....        (no amulet)
Stlth   +            (no ring)
HPRegen 0.29/turn    (no ring)
MPRegen 0.08/turn

%: no passive effects
@: tree-form
A: stationary, stasis, torment immunity, boosted hp, (horns 2), (retaliatory
headbutt)
a: Renounce Religion, Berserk, Trog's Hand


You were on level 3 of the Dungeon.
You worshipped Trog.
Trog was pleased with you.
You were a tree.
You visited 1 branch of the dungeon, and saw 3 of its levels.

You collected 82 gold pieces.

Inventory:

Hand Weapons
 a - a +0 hand axe (weapon)
 g - the +5 mace of Perij {vamp, rN+ Str+2 Int-3 Dex+3}
   (You found it on level 1 of the Dungeon)

   Str+2:     It affects your strength (+2).
   Int-3:     It affects your intelligence (-3).
   Dex+3:     It affects your dexterity (+3).
   rN+:       It protects you from negative energy.
Missiles
 e - 3 poisoned darts
 l - 5 stones (quivered)
Armour
 b - a +0 animal skin
 f - +0 shadow dragon scales (melded)
 h - a +1 hat (melded)
 i - a +0 ring mail
Scrolls
 d - 3 scrolls of identify


   Skills:
 - Level 3.6 Fighting
 + Level 6.8 Axes
 - Level 2.4 Armour
 - Level 2.1 Dodging


You had 3 spell levels left.
You didn't know any spells.
Your spell library was empty.

Dungeon Overview and Level Annotations

Branches:
Dungeon (3/15)

Altars:

Portals:
Sewer: D:3


Innate Abilities, Weirdness & Mutations

You are a tree.
Your roots penetrate the ground, keeping you stationary.
You cannot be teleported.
You are immune to unholy pain and torment.
Your maximum health is greatly increased.
Your equipment is partially melded.
((You have a pair of horns on your head.))
((You reflexively headbutt those who attack you in melee.))


Message History

You turn into a tree.
Your +1 hat melds into your body.
Your +0 shadow dragon scales melds into your body.
Your roots penetrate the ground.
The orc hits you but does no damage. Terence hits you but does no damage.
You hit Terence.
Terence is heavily wounded.
You hit the orc.
You kill the orc!
Trog accepts your kill.
You closely miss the orc priest. You slash Terence!
Terence is almost dead.
You closely miss the orc priest. Terence hits you with a +0 flail.
* * * LOW HITPOINT WARNING * * *
The orc priest hits you with a +0 club.
* * * LOW HITPOINT WARNING * * *
You hit Terence but do no damage.
Terence is almost dead.
You hit the orc priest. Terence hits you with a +0 flail.
* * * LOW HITPOINT WARNING * * *
The orc priest barely misses you.
You hit Terence.
You kill Terence!
Trog accepts your kill.
You hit the orc priest but do no damage.
The orc priest hits you but does no damage.
You hit the orc priest.
The orc priest is moderately wounded.
The orc priest hits you but does no damage.
You hit the orc priest but do no damage.
The orc priest is moderately wounded.
The orc priest hits you with a +0 club.
* * * LOW HITPOINT WARNING * * *
You hit the orc priest but do no damage.
The orc priest is moderately wounded.
The orc priest hits you but does no damage.
You barely miss the orc priest.
The orc priest is moderately wounded.
The orc priest hits you with a +0 club.
You die...

..#### .....###
....... .# .
#~~~~~# .#
..##~≈~~~##.# #
..≈~~....~≈~##.#
..~≈..o.$≈~......
..≈~..∩♣)........
..≈~...)†~~......
#.~~...[.~≈.....#
#.##≈≈≈~~##~....#
#.##≈~~~~##.....#
#...........##.#
.##...........#
#.....#######
##.....##


You could see an orc priest.

Vanquished Creatures
  Terence (D:3)
  2 adders (D:2)
  A river rat (D:3)
  A dart slug (D:2)
  A ribbon worm (D:2)
  3 orcs (D:3)
  9 ball pythons
  7 bats
  5 endoplasms
  3 giant cockroaches
  6 hobgoblins
  4 jackals (D:1)
  6 kobolds
  4 quokkas
  5 rats
58 creatures vanquished.

Notes
Turn   | Place    | Note
-------+----------+-------------------------------------------
     0 | D:1      | apoch the Minotaur Berserker began the quest for the Orb.
     0 | D:1      | Reached XP level 1. HP: 19/19 MP: 0/0
    31 | D:1      | Reached skill level 4 in Axes
    40 | D:1      | Reached XP level 2. HP: 10/26 MP: 1/1
   441 | D:1      | Identified the +5 mace of Perij {vamp, rN+ Str+2 Int-3
                  | Dex+3}
   592 | D:1      | Reached skill level 5 in Axes
   636 | D:1      | Reached ** piety under Trog
   637 | D:1      | Reached XP level 3. HP: 31/31 MP: 2/2
  1578 | D:2      | Reached skill level 6 in Axes
  1578 | D:2      | Reached XP level 4. HP: 33/39 MP: 3/3
  2014 | D:3      | Found a glowing drain.
  2019 | D:3      | Noticed Terence
  2033 | D:3      | HP: 1/58 [Terence/+0 flail (3)]
  2034 | D:3      | Killed Terence
  2038 | D:3      | Slain by an orc priest

Illustrated notes

Levels and vault maps discovered:
D:1:      dpeg_arrival_lava_altar, layout_basic, minivault_5
D:2:      kb_forest_paths, layout_basic, grunt_ministairs_7
D:3:      layout_basic, cheibrodos_sewer_entry_sluice,
          hellmonk_ecumenical_altar_arch_garden, ebering_dispersal_statue_hall,
          palyth_stone_intersect, uniq_terence, uniq_robin

Skill      XL: |  1  2  3 |
---------------+----------+-----
Axes           | 4 5 6 |  6.8
Fighting       | |  3.6
Armour         | |  2.4
Dodging        | |  2.1

Action                     |  1- 3 |  4- 6 || total
---------------------------+-------+-------++-------
  Melee: Hand axe          |    94 |    26 ||   120
         Headbutt          |    11 |     3 ||    14
         Punch             |       |     1 ||     1
  Throw: Stone             |    14 |       ||    14
    Use: Scroll            |       |     3 ||     3
         Potion            |       |     1 ||     1
   Stab: Sleeping          |     5 |     1 ||     6
 Armour: Animal skin       |    14 |       ||    14
         Shadow dragon sca |    53 |    13 ||    66
         Skin              |       |    10 ||    10
  Dodge: Dodged            |    46 |    13 ||    59
